 Dungeon Crawl Stone Soup version 0.25-a0-178-gc9f82b1288 (webtiles) character file.

Game seed: 2341875706783334900, levelgen mode: deterministic

46 vurker the Gusty (level 3, -1/20 HPs)
             Began as a Tengu Air Elementalist on Nov 26, 2019.
             Slain by an ogre
             ... wielding a +0 giant club
              (21 damage)
             ... on level 2 of the Dungeon.
             The game lasted 00:02:19 (1643 turns).

vurker the Gusty (Tengu Air Elementalist)           Turns: 1643, Time: 00:02:19

Health: -1/20      AC:  2    Str:  8    XL:     3   Next: 66%
Magic:  3/7        EV: 12    Int: 16    God:
Gold:   89         SH:  0    Dex: 14    Spells: 3/7 levels left

rFire    . . .     SeeInvis .   i - +0 dagger
rCold    . . .     Gourm    .   (no shield)
rNeg     . . .     Faith    .   a - +0 robe
rPois    .         Spirit   .   (helmet restricted)
rElec    .         Reflect  .   (no cloak)
rCorr    .         Harm     .   (no gloves)
MR       .....                  (boots unavailable)
Stlth    ++........             (no amulet)
HPRegen  0.06/turn              c - ring of wizardry
MPRegen  0.10/turn              (no ring)

@: no status effects
A: beak, talons 3
a: no special abilities


You were on level 2 of the Dungeon.
You were not hungry.

You visited 1 branch of the dungeon, and saw 2 of its levels.

You collected 89 gold pieces.

Inventory:

Hand Weapons
 i - a +0 dagger (weapon)
   (You found it on level 1 of the Dungeon)
Armour
 a - a +0 robe (worn)
 b - a +0 buckler
   (You found it on level 1 of the Dungeon)
Jewellery
 c - a ring of wizardry (left hand)
   (You found it on level 1 of the Dungeon)
Scrolls
 g - a scroll of teleportation {unknown}
 k - a scroll of remove curse {unknown}
Potions
 d - a potion of flight {unknown}
 f - a potion of mutation {unknown}
 h - a potion of magic {unknown}
 j - a potion of curing {unknown}
Comestibles
 e - 5 rations
 l - 3 chunks of flesh


   Skills:
 + Level 0.8 Fighting
 - Level 2.1 Dodging
 - Level 2.0 Stealth
 * Level 0.5 Shields
 * Level 2.5 Spellcasting
 * Level 2.5 Conjurations
 * Level 4.5 Air Magic


You had 3 spell levels left.
You knew the following spells:

 Your Spells              Type           Power        Failure   Level  Hunger
a - Shock                 Conj/Air       ##..         1%          1    #......
b - Static Discharge      Conj/Air       ##......     6%          3    ###....

Your spell library contained the following spells:

 Spells                   Type           Power        Failure   Level  Hunger
 Swiftness                Chrm/Air       #.......     4%          2    ##.....
 Airstrike                Air            ###.......   12%         4    #####..
 Lightning Bolt           Conj/Air       ##........   43%         5    ######.


Dungeon Overview and Level Annotations

Branches:
Dungeon (2/15)

Altars:


Innate Abilities, Weirdness & Mutations

You have a beak for a mouth.
You have claws for feet.


Message History

a +0 club; a hobgoblin skeleton
Things that are here:
a +0 club; a hobgoblin skeleton
Things that are here:
a +0 club; a hobgoblin corpse You butcher the hobgoblin corpse.
l - 5 chunks of flesh (gained 4)
Things that are here:
a +0 club; a hobgoblin skeleton
Things that are here:
a +0 club; a hobgoblin skeleton
Found an escape hatch in the ceiling.
There is an escape hatch in the ceiling here.
Found a ration.
There is an escape hatch in the ceiling here.
A mysterious force pulls you upwards. The hatch slams shut behind you.
There is a stone staircase leading down here.
You climb downwards.
There is a stone staircase leading up here.
You see here a jackal skeleton.
You enter the shallow water.
Moving in this stuff is going to be slow.
You enter the shallow water.
Moving in this stuff is going to be slow.
A ball python comes into view.
The ball python hisses angrily.
A ball python is nearby!
Aim: a ball python The zap hits the ball python.
Aim: a ball python (heavily wounded)
The zap hits the ball python.
You kill the ball python!
Some of the chunks of flesh in your inventory have rotted away.
All of the chunks of flesh in your inventory have rotted away.
You butcher the ball python corpse.
l - 3 chunks of flesh You see here a ball python skeleton. x2
Found a stone staircase leading down.
There is a stone staircase leading down here.
An ogre comes into view. It is wielding a +0 giant club.
You don't know that spell.
The zap hits the ogre.
The ogre shouts!
The zap hits the ogre.
The zap hits the ogre.
The zap hits the ogre.
The zap hits the ogre. x2
The ogre hits you with a +0 giant club!!
Ouch! That really hurt!
You die...

##### ####...#
##### #....>.#
##...# #.##...#
.....# #.###@##
##...#
####.##..O......
##.##
#.......##...##.
##...##
#.##.#..# .#.#
#.#...#
#.##.#..# ≈ ≈♣
##.#.##
#.##...P♣ ♣♣ ♣
##..#
#.####♣PP♣♣≈
##.#
#÷##P♣♣≈≈P≈≈ ##
#.# #..♣≈≈≈≈≈≈P≈


You could see an ogre.

Vanquished Creatures
  An adder (D:2)
  2 dart slugs
  A leopard gecko (D:1)
  A ball python (D:2)
  A giant cockroach (D:2)
  A goblin (D:1)
  7 hobgoblins
  3 jackals (D:2)
  5 bats
  2 frilled lizards (D:1)
  A kobold (D:2)
  4 rats
29 creatures vanquished.

Vanquished Creatures (others)
  A plant (D:2)
1 creature vanquished.

Grand Total: 30 creatures vanquished

Notes
Turn   | Place    | Note
-------+----------+-------------------------------------------
     0 | D:1      | vurker the Tengu Air Elementalist began the quest for the
                  | Orb.
     0 | D:1      | Reached XP level 1. HP: 10/10 MP: 4/4
   221 | D:1      | Reached XP level 2. HP: 15/15 MP: 4/6
  1105 | D:2      | Reached XP level 3. HP: 20/20 MP: 1/7
  1281 | D:2      | Learned a level 3 spell: Static Discharge
  1639 | D:2      | Noticed an ogre
  1643 | D:2      | Slain by an ogre

Levels and vault maps discovered:
D:1:      onia_arrival_mini_maze, layout_loops_ring
D:2:      layout_loops_corners, serial_bayou, serial_bayou_lake_a,
          serial_bayou_crossing, serial_bayou_shore_a, serial_bayou_shore_b

Skill      XL: |  1  2 |
---------------+-------+-----
Conjurations   | 2 |  2.5
Fighting       | |  0.8
Dodging        | |  2.1
Stealth        | |  2.0
Shields        | |  0.5
Spellcasting   | |  2.5
Air Magic      | |  4.5

Action                   || total
-------------------------++-------
Melee: Dagger            ||     3
       Kick              ||     2
 Cast: Shock             ||    69
  Eat: Chunk             ||     3
Armor: Robe              ||     6
Dodge: Dodged            ||     3

Table legend:
 A = Non-vault XP
 B = Vault XP
 C = Vault XP percentage of total XP
 D = Non-vault monster count
 E = Vault monster count
 F = Vault count percentage of total count
                 A         B        C        D         E       F
            +---------+---------+-------+---------+---------+-------
      Total |      65 |       1 |   1.5 |      28 |       1 |   3.4
            +---------+---------+-------+---------+---------+-------
        D:1 |      27 |       1 |   3.6 |      15 |       1 |   6.2
        D:2 |      38 |       0 |   0.0 |      13 |       0 |   0.0
            +---------+---------+-------+---------+---------+-------
